 Dungeon Crawl Stone Soup version 0.27-a0-1228-gfd60fd639a (webtiles) character file.

Game seed: 7558620891713856984

57 Zonian the Conjurer (level 4, -2/30 HPs)
             Began as a Human Conjurer on June 8, 2021.
             Shot with a stone by a goblin (3 damage)
             ... led by Robin
             ... on level 1 of the Dungeon.
             The game lasted 00:02:41 (2333 turns).

Zonian the Conjurer (Human Conjurer)                Turns: 2333, Time: 00:02:42

Health: -2/30      AC:  2    Str:  8    XL:     4   Next: 18%
Magic:  1/7        EV: 12    Int: 19    God:
Gold:   29         SH:  0    Dex: 11    Spells: 4/7 levels left

rFire    . . .     SeeInvis .   i - +1 dagger (venom)
rCold    . . .     Faith    .   (no shield)
rNeg     . . .     Spirit   .   a - +0 robe
rPois    .         Reflect  .   (no helmet)
rElec    .         Harm     .   (no cloak)
rCorr    .         Rampage  .   (no gloves)
Will     .....                  (no boots)
Stlth    ++........             (no amulet)
HPRegen  0.10/turn              (no ring)
MPRegen  0.10/turn              (no ring)

@: no status effects
A: no striking features
a: no special abilities


You were on level 1 of the Dungeon.
You visited 1 branch of the dungeon, and saw 2 of its levels.

You collected 29 gold pieces.

Inventory:

Hand Weapons
 d - a +0 whip of flaming
 i - a +1 dagger of venom (weapon)
Armour
 a - a +0 robe (worn)
Scrolls
 c - a scroll of noise {unknown}
 e - a scroll of summoning {unknown}
 f - a scroll of fear {unknown}
 g - a scroll of magic mapping {unknown}
 j - a scroll of enchant armour {unknown}
 k - 2 scrolls of identify {unknown}
Potions
 b - a potion of brilliance {unknown}
 h - a potion of curing {unknown}


   Skills:
 + Level 0.2 Short Blades
 + Level 2.0 Dodging
 + Level 2.1 Stealth
 + Level 2.4 Spellcasting
 + Level 5.1 Conjurations


You had 4 spell levels left.
You knew the following spells:

 Your Spells              Type           Power      Damage    Failure   Level
a - Magic Dart            Conj           84%        1d7       1%          1
b - Searing Ray           Conj           42%        3d4       3%          2

Your spell library contained the following spells:

 Spells                   Type           Power      Damage    Failure   Level
 Dazzling Flash           Conj/Hex       24%        N/A       17%         3
 Confusing Touch          Hex            2%         N/A       43%         3
 Gell's Gravitas          Tloc           1%         N/A       43%         3
 Fulminant Prism          Conj/Hex       6%         3d7       50%         4
 Iskenderun's Mystic Bla  Conj/Tloc      12%        2d5       50%         4
 Petrify                  Tmut/Erth      2%         N/A       85%         4
 Metabolic Englaciation   Hex/Ice        1%         N/A       99%         5
 Yara's Violent Unravell  Hex/Tmut       1%         3d3       99%         5


Dungeon Overview and Level Annotations

Branches:
Dungeon (2/15)

Altars:


Message History

You kill the goblin!
The goblin hits you with a +0 club. x2
* * * LOW HITPOINT WARNING * * *
The goblin hits you with a +0 dagger.
* * * LOW HITPOINT WARNING * * *
Unknown command.
The goblin unwields a +0 club.
The goblin wields a +0 hunting sling.
The goblin shoots a stone.
The stone closely misses you.
Things that are here:
a +0 dagger; a +0 robe
Casting: Searing Ray (safe; 3% risk of failure)
Confirm with . or Enter, or press ? or * to list all spells.
Aiming: Searing Ray (safe; 3% risk of failure)
Press: ? - help, Shift-Dir - straight line, f - goblin
Aim: a goblin, wielding a +0 dagger (72% to hit)
The searing ray hits the goblin!
You kill the goblin!
The searing ray hits the goblin.
You kill the goblin! (Press . to maintain the ray.)
The goblin shoots a stone.
The stone hits you.
* * * LOW HITPOINT WARNING * * *
Unknown command.
Casting: Searing Ray (safe; 3% risk of failure)
Confirm with . or Enter, or press ? or * to list all spells.
Aiming: Searing Ray (safe; 3% risk of failure)
Press: ? - help, Shift-Dir - straight line, f - goblin
Aim: a goblin, wielding a +0 hunting sling and quivering stones (72% to hit)
The searing ray misses the goblin. (Press . to maintain the ray.)
The goblin shoots a stone.
The stone barely misses you.
Casting: Searing Ray (safe; 3% risk of failure)
Confirm with . or Enter, or press ? or * to list all spells.
Aiming: Searing Ray (safe; 3% risk of failure)
Press: ? - help, Shift-Dir - straight line, f/p - goblin
Aim: a goblin, wielding a +0 hunting sling and quivering stones (72% to hit)
The searing ray misses the goblin. (Press . to maintain the ray.)
The goblin shoots a stone.
The stone hits you.
You die...

........#.....###.#
..............#...#
..######........### #.####
##......###########
.....####................#
........)................########
####..........g.................#
########...#..#.)...............#
...).##...#..).)@.....###.#######
...........)>)###.#.### #.#
....##...#..#####...# #.#
....###.............## #.#
..........#######...)####.#
....##..#..............##.#
.#####....#...............#####
..#......##.........####......#
.........##.........# #.######


You could see a goblin.

Vanquished Creatures
  Robin (D:2)
  A dart slug (D:1)
  4 endoplasms
  9 goblins
  5 hobgoblins (D:1)
  4 kobolds
  2 quokkas (D:1)
  4 ball pythons (D:1)
  3 bats (D:1)
  A frilled lizard (D:1)
  6 rats (D:1)
40 creatures vanquished.

Notes
Turn   | Place    | Note
-------+----------+-------------------------------------------
     0 | D:1      | Zonian the Human Conjurer began the quest for the Orb.
     0 | D:1      | Reached XP level 1. HP: 13/13 MP: 3/3
   411 | D:1      | Reached XP level 2. HP: 19/19 MP: 1/5
   557 | D:1      | Learned a level 2 spell: Searing Ray
   872 | D:1      | Reached XP level 3. HP: 24/24 MP: 4/6
  1522 | D:2      | Noticed Robin
  1785 | D:2      | Killed Robin
  1786 | D:2      | Reached skill level 5 in Conjurations
  1786 | D:2      | Reached XP level 4. HP: 30/30 MP: 1/7
  2331 | D:1      | HP: 1/30 [goblin/stone[Robin] (5)]
  2333 | D:1      | Shot with a stone by a goblin

Illustrated notes

Levels and vault maps discovered:
D:1:      minmay_arrival_arboretum_small, layout_rooms
D:2:      layout_rooms, basic_ecumenical_altar, nicolae_underground_beach,
          uniq_robin, uniq_sigmund

Skill      XL: |  1  2  3 |
---------------+----------+-----
Conjurations   | 5 |  5.1
Short Blades   | |  0.2
Dodging        | |  2.0
Stealth        | |  2.1
Spellcasting   | |  2.4

Action                   |  1- 3 |  4- 6 || total
-------------------------+-------+-------++-------
Melee: Whip              |     2 |       ||     2
       Dagger            |     6 |     9 ||    15
 Cast: Magic Dart        |    64 |       ||    64
       Searing Ray       |     1 |     3 ||     4
Armor: Robe              |     3 |     3 ||     6
Dodge: Dodged            |     4 |    14 ||    18

Table legend: (Time is in decaauts)
 A = Elapsed time spent in this place.
 B = Non-inter-level travel time spent in this place.
 C = Inter-level travel time spent in this place.
 D = Time resting spent in this place.
 E = Time spent auto-exploring this place.
 F = Levels seen in this place.
 G = Mean time per level.
                   A        B        C        D        E       F      G
               +--------+--------+--------+--------+--------+-----+--------+
         Total |   2336 |   2322 |     14 |   1479 |    589 |   2 | 1168.0 |
       Dungeon |   2336 |   2322 |     14 |   1479 |    589 |   2 | 1168.0 |
               +--------+--------+--------+--------+--------+-----+--------+

Top non-repeatable levels by time:
     D:1: 2279 daAuts
     D:2: 56 daAuts
